 Dungeon Crawl Stone Soup version 0.29.1-15-g9cfb28693d (webtiles) character file.

Game seed: 4723212771801728284

252 StoopidFlanders the Prestidigitator (level 6, -1/44 HPs)
             Began as a Gnoll Wanderer on Apr 1, 2023.
             Slain by Pikel
             ... wielding a +2 whip of electrocution
              (13 damage)
             ... on level 4 of the Dungeon on Apr 2, 2023.
             The game lasted 00:07:16 (4010 turns).

StoopidFlanders the Prestidigitator (GnWn)          Turns: 4010, Time: 00:07:20

Health: -1/44      AC:  6    Str: 10    XL:     6   Next: 13%
Magic:  6/14       EV: 11    Int: 19    God:
Gold:   103        SH:  0    Dex: 12    Spells: 14/15 levels left

rFire   + . .      SeeInvis .   t - +4 hand axe of the Nurturing Priest {vorpal, Int+5}
rCold   + . .      Faith    .   (no shield)
rNeg    + . .      Spirit   .   y - +2 leather armour {rN+}
rPois   .          Reflect  .   (no helmet)
rElec   .          Harm     .   a - +0 cloak
rCorr   .          Rampage  .   (no gloves)
Will    .....                   (no boots)
Stlth   ++........              (no amulet)
HPRegen 0.14/turn               i - ring of protection from cold
MPRegen 0.14/turn               n - ring of protection from fire

@: hasted, very quick
A: fangs 1, strong nose, distributed training
a: no special abilities


You were on level 4 of the Dungeon.
You visited 1 branch of the dungeon, and saw 4 of its levels.

You collected 103 gold pieces.

Inventory:

Hand Weapons
 t - the +4 hand axe of the Nurturing Priest (weapon) {vorpal, Int+5}
   (You found it on level 2 of the Dungeon)

   It inflicts extra damage upon your enemies.
   Int:       It affects your intelligence (+5).
Missiles
 g - 4 silver boomerangs (quivered)
Armour
 a - a +0 cloak (worn)
 y - a +2 leather armour of positive energy (worn)
Jewellery
 e - a ring of flight
 i - a ring of protection from cold (left hand)
 n - a ring of protection from fire (right hand)
 r - a ring of positive energy
 s - a ring of see invisible
 x - a ring of magical power
Scrolls
 f - 3 scrolls of teleportation {unknown}
 h - 2 scrolls of poison {unknown}
 j - a scroll of identify {unknown}
 k - a scroll of vulnerability {unknown}
 l - 2 scrolls of enchant weapon {unknown}
 m - a scroll of fog {unknown}
 o - a scroll of silence {unknown}
 v - a scroll of torment {unknown}
 w - a scroll of noise {unknown}
Potions
 c - 2 potions of haste
 p - 2 potions of curing
 q - a potion of magic {unknown}
 u - a potion of might {unknown}
Miscellaneous
 b - a piece from Xom's chessboard (14/15)


   Skills:
 + Level 1.9 Fighting
 + Level 4.9 Short Blades
 + Level 1.9 Long Blades
 + Level 1.9 Axes
 + Level 1.9 Maces & Flails
 + Level 1.9 Polearms
 + Level 1.9 Staves
 + Level 1.9 Ranged Weapons
 + Level 1.9 Throwing
 + Level 1.9 Armour
 + Level 1.9 Dodging
 + Level 1.9 Stealth
 + Level 1.9 Shields
 + Level 1.9 Unarmed Combat
 + Level 5.3 Spellcasting
 + Level 4.1 Conjurations
 + Level 1.5 Hexes
 + Level 1.5 Summonings
 + Level 1.5 Necromancy
 + Level 1.5 Translocations
 + Level 1.5 Transmutations
 + Level 1.5 Fire Magic
 + Level 1.5 Ice Magic
 + Level 1.5 Air Magic
 + Level 1.5 Earth Magic
 + Level 1.5 Poison Magic
 + Level 2.1 Invocations
 + Level 8.7 Evocations


You had 14 spell levels left.
You knew the following spells:

 Your Spells              Type           Power      Damage    Failure   Level
a - Shock                 Conj/Air       60%        1d6       4%          1

Your spell library contained the following spells:

 Spells                   Type           Power      Damage    Failure   Level
 Conjure Flame            Conj/Fire      15%        6-21      16%         3
 Stone Arrow              Conj/Erth      30%        3d8       16%         3
 Ignite Poison            Fire/Tmut/Pois 10%        N/A       26%         3
 Swiftness                Air            10%        N/A       26%         3
 Sticky Flame             Conj/Fire      15%        2d4       45%         4
 Airstrike                Air            5%         2d(1-17)  63%         4


Dungeon Overview and Level Annotations

Branches:
Dungeon (4/15)
 Temple: D:4-7

Altars:

Annotations:
D:4 Pikel


Innate Abilities, Weirdness & Mutations

You have very sharp teeth.
Your uncanny sense of smell can sniff out nearby items.
Your experience applies equally to all skills.


Message History

Casting: Shock (safe; 4% risk of failure)
Confirm with . or Enter, or press ? or * to list all spells.
Okay, then.
Okay, then.
Casting: Shock (safe; 4% risk of failure)
Confirm with . or Enter, or press ? or * to list all spells.
Aiming: Shock (safe; 4% risk of failure)
Press: ? - help, Shift-Dir - straight line, f/p - Pikel
Aim: Pikel, wielding a +2 whip of electrocution and wearing a +0 robe (lightly wounded, 64% to hit)
The zap misses Pikel.
The zap hits the lemure.
The lemure is lightly wounded.
The lemure shouts!
You hear a shout!
A lemure comes into view.
You hear a shout!
You hit Pikel.
Pikel is lightly wounded.
Pikel hits you with a +2 whip of electrocution.
You hit Pikel but do no damage. Your bite misses Pikel.
Pikel is lightly wounded.
Pikel hits you with a +2 whip of electrocution.
A lemure comes into view.
It was a potion of curing.
You feel better. Pikel misses you.
You feel yourself speed up. Pikel closely misses you.
You hit Pikel but do no damage.
Pikel is lightly wounded.
Pikel hits you with a +2 whip of electrocution.
You barely miss Pikel.
Pikel is lightly wounded.
Pikel waves his whip at you.
Pikel hits you with a +2 whip of electrocution.
You are electrocuted!
* * * LOW HITPOINT WARNING * * *
This spell is dangerous to cast!
Memorise Conjure Flame, consuming 3 spell levels and leaving 11?
You start memorising the spell.
You continue memorising. x2
The lemure stops glowing.
You continue memorising.
Pikel hits you with a +2 whip of electrocution!
Your memorisation is interrupted.
You die...

#? ..# #.# ..+ #.# #.#
#.### ..# #...# #.#
#.#.# #.# #.#.######
##.####.#######...#.....
∆∆
.......@K.5.555...#.....
###############5#.......
#...#.......
#.####...... #..#######
###.####.#####
#......<.# #........#
##.#####.# #.#........
#[# ##.#..###### #.#
##.....#


You could see Pikel and 4 lemures.

Vanquished Creatures
  2 orc priests
  An orc wizard (D:3)
  5 gnolls
  5 adders
  2 dart slugs
  9 orcs
  7 endoplasms
  3 giant cockroaches
  7 goblins
  5 hobgoblins
  2 jackals (D:1)
  3 ball pythons
  5 bats
  2 frilled lizards
  4 kobolds
  6 rats
68 creatures vanquished.

Notes
Turn   | Place    | Note
-------+----------+-------------------------------------------
     0 | D:1      | StoopidFlanders the Gnoll Wanderer began the quest for the
                  | Orb.
     0 | D:1      | StoopidFlanders set off with the following items: a +2
                  | short sword, a piece from Xom's chessboard (15/15), a
                  | potion of haste, a +0 robe; and the following spell
                  | memorised: Shock; and the following spells available to
                  | memorise: Stone Arrow.
     0 | D:1      | Reached XP level 1. HP: 13/13 MP: 6/6
   238 | D:1      | Reached XP level 2. HP: 16/19 MP: 7/7
   780 | D:1      | HP: 1/20 [hobgoblin (2)]
  1296 | D:1      | Reached skill level 5 in Spellcasting
  1296 | D:1      | Reached XP level 3. HP: 15/25 MP: 7/9
  2301 | D:2      | Reached skill level 1 in Invocations
  2539 | D:2      | Found a faded altar of an unknown god.
  2608 | D:2      | Identified the +4 hand axe of the Nurturing Priest {vorpal,
                  | Int+5}
  2641 | D:2      | Reached skill level 1 in Fighting
  2641 | D:2      | Reached skill level 1 in Long Blades
  2641 | D:2      | Reached skill level 1 in Axes
  2641 | D:2      | Reached skill level 1 in Maces & Flails
  2641 | D:2      | Reached skill level 1 in Polearms
  2641 | D:2      | Reached skill level 1 in Staves
  2641 | D:2      | Reached skill level 1 in Ranged Weapons
  2641 | D:2      | Reached skill level 1 in Throwing
  2641 | D:2      | Reached skill level 1 in Armour
  2641 | D:2      | Reached skill level 1 in Dodging
  2641 | D:2      | Reached skill level 1 in Stealth
  2641 | D:2      | Reached skill level 1 in Shields
  2641 | D:2      | Reached skill level 1 in Unarmed Combat
  2780 | D:3      | Reached XP level 4. HP: 21/32 MP: 11/11
  2981 | D:3      | Reached skill level 1 in Hexes
  2981 | D:3      | Reached skill level 1 in Summonings
  2981 | D:3      | Reached skill level 1 in Necromancy
  2981 | D:3      | Reached skill level 1 in Translocations
  2981 | D:3      | Reached skill level 1 in Transmutations
  2981 | D:3      | Reached skill level 1 in Fire Magic
  2981 | D:3      | Reached skill level 1 in Ice Magic
  2981 | D:3      | Reached skill level 1 in Air Magic
  2981 | D:3      | Reached skill level 1 in Earth Magic
  2981 | D:3      | Reached skill level 1 in Poison Magic
  3152 | D:3      | Reached XP level 5. HP: 37/37 MP: 6/12
  3911 | D:4      | Reached XP level 6. HP: 44/44 MP: 7/13
  3990 | D:4      | Noticed Pikel
  4010 | D:4      | Slain by Pikel

Illustrated notes

Levels and vault maps discovered:
D:1:      minmay_arrival_doors, layout_loops_corners, hex_large, minmay_3d_cube
D:2:      layout_rooms, ebering_ecumenical_altar_hall, minmay_unequal
D:3:      layout_loops_ring
D:4:      dreamdust_elfheim, layout_loops_ring, uniq_pikel

Skill      XL: |  1  2  3  4  5 |
---------------+----------------+-----
Spellcasting   | 5 |  5.3
Invocations    | 1 2 |  2.1
Fighting       | 1 |  1.9
Long Blades    | 1 |  1.9
Axes           | 1 |  1.9
Maces & Flails | 1 |  1.9
Polearms       | 1 |  1.9
Staves         | 1 |  1.9
Ranged Weapons | 1 |  1.9
Throwing       | 1 |  1.9
Armour         | 1 |  1.9
Dodging        | 1 |  1.9
Stealth        | 1 |  1.9
Shields        | 1 |  1.9
Unarmed Combat | 1 |  1.9
Hexes          | 1 |  1.5
Summonings     | 1 |  1.5
Necromancy     | 1 |  1.5
Translocations | 1 |  1.5
Transmutations | 1 |  1.5
Fire Magic     | 1 |  1.5
Ice Magic      | 1 |  1.5
Air Magic      | 1 |  1.5
Earth Magic    | 1 |  1.5
Poison Magic   | 1 |  1.5
Conjurations   | 4 |  4.1
Short Blades   | |  4.9
Evocations     | |  8.7

Action                   |  1- 3 |  4- 6 || total
-------------------------+-------+-------++-------
Melee: Short sword       |   112 |       ||   112
       Bite              |     4 |     3 ||     7
       Hand axe          |    12 |    39 ||    51
       Punch             |     2 |       ||     2
 Cast: Shock             |       |    29 ||    29
Evoke: Piece from Xom's  |     6 |     1 ||     7
  Use: Potion            |     1 |     2 ||     3
 Stab: Sleeping          |     1 |     1 ||     2
Armor: Robe              |    15 |    10 ||    25
       Leather armour    |       |     1 ||     1
Dodge: Dodged            |    64 |    32 ||    96
